3L
ECHO PARK LAKERS @ QUEBEC CITY LES BLEUS
05/07/2033
 
TOP OF THE 1ST
Echo Park Lakers batting - Pitching for Quebec City Les Bleus : RHP Michael Machen
Pitching: RHP Michael Machen
Batting: RHB Guillermo Coss 0-0: Foul Ball, location: 2F
0-1: Fly out, F9 (Flyball, 89S)
Batting: RHB Bernardo Herrera 0-0: Foul Ball, location: 2F
0-1: Fly out, F7 (Flyball, 7LS)
Batting: LHB Tony Vega 0-0: Foul Ball, location: 2F
0-1: Foul Ball, location: 2F
0-2: Strikes out swinging
Top of the 1st over - 0 runs, 0 hits, 0 errors, 0 left on base; Echo Park 0 - Quebec City 0
BOTTOM OF THE 1ST
Quebec City Les Bleus batting - Pitching for Echo Park Lakers : RHP Mark Collingwood
Pitching: RHP Mark Collingwood
Batting: RHB Lane McCool 0-0: Foul Ball, location: 2F
0-1: Fly out, F7 (Line Drive, 7)
Batting: RHB Kumanosuke Asano 0-0: Called Strike
0-1: Ball
1-1: Ball
2-1: Ball
3-1: Base on Balls
Batting: LHB Jeff Simpson 0-0: Called Strike
0-1: Ball
1-1: Swinging Strike
1-2: Foul Ball, location: 2F
1-2: Foul Ball, location: 2F
1-2: Foul Ball, location: 2F
1-2: Fly out, F8 (Line Drive, 8RD)
Batting: LHB Scott Janousek 0-0: Called Strike
0-1: SINGLE (Groundball, 34) (infield hit)
Kumanosuke Asano to second
Batting: RHB Kameron Guangorena 0-0: Called Strike
0-1: Called Strike
0-2: Ball
1-2: Foul Ball, location: 2F
1-2: Ground out 5-3 (Groundball, 56)
Bottom of the 1st over - 0 runs, 1 hit, 0 errors, 2 left on base; Echo Park 0 - Quebec City 0
TOP OF THE 2ND
Echo Park Lakers batting - Pitching for Quebec City Les Bleus : RHP Michael Machen
Batting: RHB Yoshihito Samurakami 0-0: Called Strike
0-1: Ball
1-1: Ball
2-1: Foul Ball, location: 2F
2-2: Ground out 6-3 (Groundball, 6)
Batting: RHB Orlando Montejo 0-0: Called Strike
0-1: Ground out 3-1 (Groundball, 34)
Batting: RHB Freddy Torres 0-0: Swinging Strike
0-1: Ball
1-1: Ball
2-1: Ball
3-1: Ground out 5-3 (Groundball, 56S)
Top of the 2nd over - 0 runs, 0 hits, 0 errors, 0 left on base; Echo Park 0 - Quebec City 0
BOTTOM OF THE 2ND
Quebec City Les Bleus batting - Pitching for Echo Park Lakers : RHP Mark Collingwood
Batting: RHB Cam MacIntosh 0-0: Called Strike
0-1: Ball
1-1: Ball
2-1: Called Strike
2-2: Foul Ball, location: 2F
2-2: Ball
3-2: Fly out, F8 (Flyball, 8LS)
Batting: RHB Tevin McTevin 0-0: Foul Ball, location: 2F
0-1: Ground out 6-3 (Groundball, 6)
Batting: RHB Reg Spiers 0-0: Called Strike
0-1: Foul Ball, location: 2F
0-2: Strikes out swinging
Bottom of the 2nd over - 0 runs, 0 hits, 0 errors, 0 left on base; Echo Park 0 - Quebec City 0
TOP OF THE 3RD
Echo Park Lakers batting - Pitching for Quebec City Les Bleus : RHP Michael Machen
Batting: RHB Zhenya Worobtsoff 0-0: Ball
1-0: Called Strike
1-1: Ball
2-1: Foul Ball, location: 2F
2-2: Foul Ball, location: 2F
2-2: Strikes out swinging
Batting: RHB Danny Walsh 0-0: Ball
1-0: Foul Ball, location: 2F
1-1: Foul Ball, location: 2F
1-2: Ball
2-2: Foul Ball, location: 2F
2-2: DOUBLE (Flyball, 89D)
Batting: LHB Bartolo Sierra 0-0: Ball
1-0: Ball
2-0: Ground out U3 (Groundball, 34S)
Danny Walsh to third
Batting: RHB Guillermo Coss 0-0: Called Strike
0-1: Swinging Strike
0-2: Ball
1-2: Ball
2-2: Strikes out looking
Top of the 3rd over - 0 runs, 1 hit, 0 errors, 1 left on base; Echo Park 0 - Quebec City 0
BOTTOM OF THE 3RD
Quebec City Les Bleus batting - Pitching for Echo Park Lakers : RHP Mark Collingwood
Batting: RHB Stan Pagnotta 0-0: Swinging Strike
0-1: Foul Ball, location: 2F
0-2: Ball
1-2: Foul Ball, location: 2F
1-2: Strikes out looking
Batting: RHB Lane McCool 0-0: Foul Ball, location: 2F
0-1: Ball
1-1: Called Strike
1-2: Foul Ball, location: 2F
1-2: Ball
2-2: Foul Ball, location: 2F
2-2: Strikes out looking
Batting: RHB Kumanosuke Asano 0-0: Ground out 5-3 (Groundball, 56)
Bottom of the 3rd over - 0 runs, 0 hits, 0 errors, 0 left on base; Echo Park 0 - Quebec City 0
TOP OF THE 4TH
Echo Park Lakers batting - Pitching for Quebec City Les Bleus : RHP Michael Machen
Batting: RHB Bernardo Herrera 0-0: Ball
1-0: Ball
2-0: Ball
3-0: Base on Balls
Batting: LHB Tony Vega 0-0: Called Strike
0-1: Ball
1-1: Ball
2-1: Ball
3-1: Called Strike
3-2: Strikes out swinging
Batting: RHB Yoshihito Samurakami 0-0: Ball
1-0: Ball
2-0: Swinging Strike
2-1: Ball
3-1: Foul Ball, location: 2F
3-2: Fly out, F8 (Flyball, 8RXD)
Batting: RHB Orlando Montejo 0-0: Swinging Strike
0-1: Ball
1-1: Ball
2-1: Called Strike
Bernardo Herrera steals 2nd base
2-2: Strikes out swinging
Top of the 4th over - 0 runs, 0 hits, 0 errors, 1 left on base; Echo Park 0 - Quebec City 0
BOTTOM OF THE 4TH
Quebec City Les Bleus batting - Pitching for Echo Park Lakers : RHP Mark Collingwood
Batting: LHB Jeff Simpson 0-0: Ball
1-0: Ball
2-0: Fly out, F4 (Line Drive, 4MD)
Batting: LHB Scott Janousek 0-0: Swinging Strike
0-1: Ball
1-1: Called Strike
1-2: Fly out, F7 (Flyball, 7LS)
Batting: RHB Kameron Guangorena 0-0: Swinging Strike
0-1: Ball
1-1: Ball
2-1: SINGLE (Line Drive, 56D)
Batting: RHB Cam MacIntosh 0-0: Called Strike
0-1: Fly out, F2 (Popup, 2LF)
Bottom of the 4th over - 0 runs, 1 hit, 0 errors, 1 left on base; Echo Park 0 - Quebec City 0
TOP OF THE 5TH
Echo Park Lakers batting - Pitching for Quebec City Les Bleus : RHP Michael Machen
Batting: RHB Freddy Torres 0-0: Swinging Strike
0-1: Foul Ball, location: 2F
0-2: Ball
1-2: Ball
2-2: Strikes out swinging
Batting: RHB Zhenya Worobtsoff 0-0: Ball
1-0: Ball
2-0: Ball
3-0: Called Strike
3-1: Called Strike
3-2: Ground out 6-3 (Groundball, 6)
Batting: RHB Danny Walsh 0-0: Called Strike
0-1: Ball
1-1: Ground out 5-3 (Groundball, 56)
Top of the 5th over - 0 runs, 0 hits, 0 errors, 0 left on base; Echo Park 0 - Quebec City 0
BOTTOM OF THE 5TH
Quebec City Les Bleus batting - Pitching for Echo Park Lakers : RHP Mark Collingwood
Batting: RHB Tevin McTevin 0-0: Ball
1-0: Foul Ball, location: 2F
1-1: Fly out, F9 (Flyball, 9)
Batting: RHB Reg Spiers 0-0: Foul Ball, location: 2F
0-1: Ground out 6-3 (Groundball, 56)
Batting: RHB Stan Pagnotta 0-0: Ball
1-0: Swinging Strike
1-1: Called Strike
1-2: Ball
2-2: Foul Ball, location: 2F
2-2: Strikes out swinging
Bottom of the 5th over - 0 runs, 0 hits, 0 errors, 0 left on base; Echo Park 0 - Quebec City 0
TOP OF THE 6TH
Echo Park Lakers batting - Pitching for Quebec City Les Bleus : RHP Michael Machen
Batting: LHB Bartolo Sierra 0-0: Foul Ball, location: 2F
0-1: Ball
1-1: Foul Ball, location: 2F
1-2: Ball
2-2: Strikes out swinging
Batting: RHB Guillermo Coss 0-0: Ground out 6-3 (Groundball, 6M)
Batting: RHB Bernardo Herrera 0-0: Called Strike
0-1: Ball
1-1: Ball
2-1: Called Strike
2-2: Ball
3-2: Strikes out swinging
Top of the 6th over - 0 runs, 0 hits, 0 errors, 0 left on base; Echo Park 0 - Quebec City 0
BOTTOM OF THE 6TH
Quebec City Les Bleus batting - Pitching for Echo Park Lakers : RHP Mark Collingwood
Batting: RHB Lane McCool 0-0: Ball
1-0: Foul Ball, location: 2F
1-1: Foul Ball, location: 2F
1-2: Fly out, F8 (Flyball, 8RS)
Batting: RHB Kumanosuke Asano 0-0: Ball
1-0: Fly out, F8 (Flyball, 8LM)
Batting: LHB Jeff Simpson 0-0: Ball
1-0: Foul Ball, location: 2F
1-1: Fly out, F9 (Flyball, 9S)
Bottom of the 6th over - 0 runs, 0 hits, 0 errors, 0 left on base; Echo Park 0 - Quebec City 0
TOP OF THE 7TH
Echo Park Lakers batting - Pitching for Quebec City Les Bleus : RHP Michael Machen
Batting: LHB Tony Vega 0-0: Called Strike
0-1: Reached on error, E1 (Groundball, 15S)
Batting: RHB Yoshihito Samurakami 0-0: Foul Ball, location: 2F
0-1: Swinging Strike
0-2: Ball
1-2: Ball
2-2: Strikes out swinging
Batting: RHB Orlando Montejo 0-0: Ball
1-0: Called Strike
1-1: SINGLE (Groundball, 34D)
Tony Vega to third
Pitching: RHP Érico Laborde
Batting: RHB Freddy Torres 0-0: Called Strike
0-1: Foul Ball, location: 2F
0-2: Ball
1-2: Foul Ball, location: 2F
1-2: Strikes out swinging
Batting: RHB Zhenya Worobtsoff 0-0: Called Strike
0-1: Called Strike
0-2: Ball
1-2: Foul Ball, location: 2F
1-2: Fly out, F3 (Popup, 3F)
Top of the 7th over - 0 runs, 1 hit, 1 error, 2 left on base; Echo Park 0 - Quebec City 0
BOTTOM OF THE 7TH
Quebec City Les Bleus batting - Pitching for Echo Park Lakers : RHP Mark Collingwood
Batting: LHB Scott Janousek 0-0: Ground out 4-3 (Groundball, 4S)
Batting: RHB Kameron Guangorena 0-0: Foul Ball, location: 2F
0-1: Ball
1-1: Fly out, F8 (Line Drive, 8RM)
Batting: RHB Cam MacIntosh 0-0: Ball
1-0: Ball
2-0: Ground out 6-3 (Groundball, 6)
Bottom of the 7th over - 0 runs, 0 hits, 0 errors, 0 left on base; Echo Park 0 - Quebec City 0
TOP OF THE 8TH
Echo Park Lakers batting - Pitching for Quebec City Les Bleus : RHP Érico Laborde
Batting: RHB Danny Walsh 0-0: Called Strike
0-1: Swinging Strike
0-2: Ball
1-2: Foul Ball, location: 2F
1-2: Strikes out swinging
Batting: LHB Bartolo Sierra 0-0: Foul Ball, location: 2F
0-1: Swinging Strike
0-2: Ball
1-2: Ball
2-2: Ball
3-2: Strikes out swinging
Batting: RHB Guillermo Coss 0-0: Ball
1-0: Ball
2-0: SINGLE (Line Drive, 6M)
Batting: RHB Bernardo Herrera 0-0: Called Strike
Guillermo Coss steals 2nd base
0-1: Called Strike
0-2: Ball
1-2: Ball
2-2: Ball
3-2: Ground out 6-3 (Groundball, 6)
Top of the 8th over - 0 runs, 1 hit, 0 errors, 1 left on base; Echo Park 0 - Quebec City 0
BOTTOM OF THE 8TH
Quebec City Les Bleus batting - Pitching for Echo Park Lakers : RHP Mark Collingwood
Batting: RHB Tevin McTevin 0-0: Ball
1-0: Called Strike
1-1: Ball
2-1: Ground out 6-3 (Groundball, 56)
Batting: RHB Reg Spiers 0-0: Fly out, F9 (Flyball, 89S)
Batting: RHB Stan Pagnotta 0-0: Swinging Strike
0-1: Ball
1-1: Called Strike
1-2: Foul Ball, location: 2F
1-2: Strikes out swinging
Bottom of the 8th over - 0 runs, 0 hits, 0 errors, 0 left on base; Echo Park 0 - Quebec City 0
TOP OF THE 9TH
Echo Park Lakers batting - Pitching for Quebec City Les Bleus : RHP Érico Laborde
Pitching: RHP Matt Digby
Batting: LHB Tony Vega 0-0: Ball
1-0: Swinging Strike
1-1: Swinging Strike
1-2: Strikes out swinging
Batting: RHB Yoshihito Samurakami 0-0: Called Strike
0-1: Swinging Strike
0-2: Foul Ball, location: 2F
0-2: Foul Ball, location: 2F
0-2: Ball
1-2: Ball
2-2: Ground out 4-3 (Groundball, 34)
Batting: RHB Orlando Montejo 0-0: SINGLE (Flyball, 9LS)
Batting: RHB Freddy Torres 0-0: Fly out, F3 (Popup, 3)
Top of the 9th over - 0 runs, 1 hit, 0 errors, 1 left on base; Echo Park 0 - Quebec City 0
BOTTOM OF THE 9TH
Quebec City Les Bleus batting - Pitching for Echo Park Lakers : RHP Mark Collingwood
Batting: RHB Lane McCool 0-0: Ball
1-0: Ball
2-0: Called Strike
2-1: Ball
3-1: Ground out U3 (Groundball, 34)
Batting: RHB Kumanosuke Asano 0-0: Called Strike
0-1: Ball
1-1: Ground out 5-3 (Groundball, 56S)
Batting: LHB Jeff Simpson 0-0: Ball
1-0: Swinging Strike
1-1: Ball
2-1: Swinging Strike
2-2: Ball
3-2: Base on Balls
Batting: LHB Scott Janousek 0-0: Ball
1-0: Fielders Choice at 2nd, 6-4 (Groundball, 6)
Bottom of the 9th over - 0 runs, 0 hits, 0 errors, 1 left on base; Echo Park 0 - Quebec City 0
TOP OF THE 10TH
Echo Park Lakers batting - Pitching for Quebec City Les Bleus : RHP Matt Digby
Batting: RHB Zhenya Worobtsoff 0-0: Ball
1-0: Swinging Strike
1-1: Foul Ball, location: 2F
1-2: Foul Ball, location: 2F
1-2: Strikes out swinging
Batting: RHB Danny Walsh 0-0: Swinging Strike
0-1: Foul Ball, location: 2F
0-2: Ball
1-2: Strikes out looking
Batting: LHB Bartolo Sierra 0-0: Ball
1-0: Foul Ball, location: 2F
1-1: Foul Ball, location: 2F
1-2: Strikes out looking
Top of the 10th over - 0 runs, 0 hits, 0 errors, 0 left on base; Echo Park 0 - Quebec City 0
BOTTOM OF THE 10TH
Quebec City Les Bleus batting - Pitching for Echo Park Lakers : RHP Mark Collingwood
Batting: RHB Kameron Guangorena 0-0: Ball
1-0: Called Strike
1-1: Ball
2-1: Ball
3-1: SINGLE (Groundball, 56D)
Pitching: RHP Jeffery Prosser
Batting: RHB Cam MacIntosh 0-0: Ball
1-0: Called Strike
1-1: Fly out, F9 (Flyball, 9)
Batting: RHB Tevin McTevin 0-0: Grounds into double play, 6-4-3 (Groundball, 6)
Bottom of the 10th over - 0 runs, 1 hit, 0 errors, 0 left on base; Echo Park 0 - Quebec City 0
TOP OF THE 11TH
Echo Park Lakers batting - Pitching for Quebec City Les Bleus : RHP Matt Digby
Pitching: RHP Carlos Garza
Batting: RHB Guillermo Coss 0-0: Ball
1-0: Ball
2-0: Ball
3-0: Called Strike
3-1: Ground out 6-3 (Groundball, 6S)
Batting: RHB Bernardo Herrera 0-0: Ball
1-0: Swinging Strike
1-1: Ball
2-1: Ball
3-1: Base on Balls
Batting: LHB Tony Vega 0-0: Ball
1-0: Foul Ball, location: 2F
1-1: Ball
2-1: Ball
3-1: Fielders Choice at 2nd, 6-4 (Groundball, 6)
Batting: RHB Yoshihito Samurakami 0-0: Called Strike
0-1: Fly out, F7 (Flyball, 7D)
Top of the 11th over - 0 runs, 0 hits, 0 errors, 1 left on base; Echo Park 0 - Quebec City 0
BOTTOM OF THE 11TH
Quebec City Les Bleus batting - Pitching for Echo Park Lakers : RHP Jeffery Prosser
Pitching: LHP Nees Stroo
Batting: RHB Reg Spiers 0-0: Called Strike
0-1: Ground out 1-3 (Groundball, 13)
Batting: RHB Stan Pagnotta 0-0: Ball
1-0: Fly out, F8 (Flyball, 8LS)
Batting: RHB Lane McCool 0-0: Swinging Strike
0-1: Ball
1-1: Foul Ball, location: 2F
1-2: Ball
2-2: Ball
3-2: Strikes out swinging
Bottom of the 11th over - 0 runs, 0 hits, 0 errors, 0 left on base; Echo Park 0 - Quebec City 0
TOP OF THE 12TH
Echo Park Lakers batting - Pitching for Quebec City Les Bleus : RHP Carlos Garza
Batting: RHB Orlando Montejo 0-0: Called Strike
0-1: Ball
1-1: Foul Ball, location: 2F
1-2: Strikes out swinging
Batting: RHB Freddy Torres 0-0: Called Strike
0-1: Ball
1-1: Ball
2-1: Called Strike
2-2: Foul Ball, location: 2F
2-2: Strikes out swinging
Batting: RHB Zhenya Worobtsoff 0-0: Swinging Strike
0-1: Foul Ball, location: 2F
0-2: Strikes out swinging
Top of the 12th over - 0 runs, 0 hits, 0 errors, 0 left on base; Echo Park 0 - Quebec City 0
BOTTOM OF THE 12TH
Quebec City Les Bleus batting - Pitching for Echo Park Lakers : LHP Nees Stroo
Batting: RHB Kumanosuke Asano 0-0: Ball
1-0: Called Strike
1-1: Ball
2-1: SINGLE (Line Drive, 78S)
Batting: LHB Jeff Simpson 0-0: Ground out 4-3 (Groundball, 34D)
Kumanosuke Asano to second
Batting: LHB Scott Janousek 0-0: Swinging Strike
0-1: Foul Ball, location: 2F
0-2: Strikes out swinging
Batting: RHB Kameron Guangorena 0-0: Ball
1-0: Ball
2-0: Called Strike
2-1: Foul Ball, location: 2F
2-2: Fly out, F9 (Flyball, 9S)
Bottom of the 12th over - 0 runs, 1 hit, 0 errors, 1 left on base; Echo Park 0 - Quebec City 0
TOP OF THE 13TH
Echo Park Lakers batting - Pitching for Quebec City Les Bleus : RHP Carlos Garza
Pitching: RHP José Barquero
Batting: RHB Danny Walsh 0-0: Foul Ball, location: 2F
0-1: Ground out 5-3 (Groundball, 56S)
Batting: LHB Bartolo Sierra 0-0: Swinging Strike
0-1: Foul Ball, location: 2F
0-2: Strikes out swinging
Batting: RHB Guillermo Coss 0-0: Foul Ball, location: 2F
0-1: Ground out 5-3 (Groundball, 56)
Top of the 13th over - 0 runs, 0 hits, 0 errors, 0 left on base; Echo Park 0 - Quebec City 0
BOTTOM OF THE 13TH
Quebec City Les Bleus batting - Pitching for Echo Park Lakers : LHP Nees Stroo
Pitching: RHP Júlio Saldaña
Batting: RHB Cam MacIntosh 0-0: Fly out, F8 (Line Drive, 8RM)
Batting: RHB Tevin McTevin 0-0: Foul Ball, location: 2F
0-1: SINGLE (Line Drive, 7S)
Batting: RHB Reg Spiers 0-0: Called Strike
0-1: Ball
1-1: Grounds into double play, 1-6-3 (Groundball, 13S)
Bottom of the 13th over - 0 runs, 1 hit, 0 errors, 0 left on base; Echo Park 0 - Quebec City 0
TOP OF THE 14TH
Echo Park Lakers batting - Pitching for Quebec City Les Bleus : RHP José Barquero
Batting: RHB Bernardo Herrera 0-0: Ball
1-0: Ball
2-0: Swinging Strike
2-1: Ball
3-1: SINGLE (Line Drive, 78S)
Batting: LHB Tony Vega 0-0: Ball
1-0: Foul Ball, location: 2F
1-1: Called Strike
1-2: Ball
2-2: Foul Ball, location: 2F
2-2: Ball
3-2: Base on Balls
Bernardo Herrera to second
Batting: RHB Yoshihito Samurakami 0-0: Ball
1-0: Called Strike
1-1: Ball
2-1: Foul Ball, location: 2F
2-2: Foul Ball, location: 2F
2-2: Strikes out swinging
Batting: RHB Orlando Montejo 0-0: Ball
1-0: Called Strike
1-1: Called Strike
1-2: Grounds into double play, 4-6-3 (Groundball, 4)
Top of the 14th over - 0 runs, 1 hit, 0 errors, 1 left on base; Echo Park 0 - Quebec City 0
BOTTOM OF THE 14TH
Quebec City Les Bleus batting - Pitching for Echo Park Lakers : RHP Júlio Saldaña
Batting: RHB Stan Pagnotta 0-0: Swinging Strike
0-1: Fly out, F3 (Line Drive, 34)
Batting: RHB Lane McCool 0-0: Called Strike
0-1: Ball
1-1: Ground out 5-3 (Groundball, 56)
Batting: RHB Kumanosuke Asano 0-0: Called Strike
0-1: Ball
1-1: Ball
2-1: Fly out, F8 (Flyball, 8RD)
Bottom of the 14th over - 0 runs, 0 hits, 0 errors, 0 left on base; Echo Park 0 - Quebec City 0
TOP OF THE 15TH
Echo Park Lakers batting - Pitching for Quebec City Les Bleus : RHP José Barquero
Pitching: RHP Javier Mora
Batting: RHB Freddy Torres 0-0: Called Strike
0-1: Swinging Strike
0-2: Ball
1-2: Ground out 5-3 (Groundball, 5S)
Batting: RHB Zhenya Worobtsoff 0-0: Called Strike
0-1: Swinging Strike
0-2: Foul Ball, location: 2F
0-2: Strikes out swinging
Batting: RHB Danny Walsh 0-0: Fly out, F8 (Flyball, 8LS)
Top of the 15th over - 0 runs, 0 hits, 0 errors, 0 left on base; Echo Park 0 - Quebec City 0
BOTTOM OF THE 15TH
Quebec City Les Bleus batting - Pitching for Echo Park Lakers : RHP Júlio Saldaña
Batting: LHB Jeff Simpson 0-0: Called Strike
0-1: Ball
1-1: Foul Ball, location: 2F
1-2: Foul Ball, location: 2F
1-2: Ball
2-2: Ground out 4-3 (Groundball, 4)
Batting: LHB Scott Janousek 0-0: Ball
1-0: Reached on error, E5 (Groundball, 5L)
Batting: RHB Kameron Guangorena 0-0: Called Strike
0-1: Foul Ball, location: 2F
0-2: Ball
1-2: Ball
Scott Janousek steals 2nd base
2-2: Foul Ball, location: 2F
2-2: Fly out, F8 (Flyball, 8LM)
Batting: RHB Cam MacIntosh 0-0: Swinging Strike
0-1: Ball
1-1: Swinging Strike
1-2: Ball
2-2: Foul Ball, location: 2F
2-2: Ball
Wild Pitch!
Scott Janousek to third
3-2: Base on Balls
Batting: RHB Tevin McTevin 0-0: Ball
1-0: Called Strike
1-1: Fielders Choice at 2nd, 6-4 (Groundball, 6)
Bottom of the 15th over - 0 runs, 0 hits, 1 error, 2 left on base; Echo Park 0 - Quebec City 0
TOP OF THE 16TH
Echo Park Lakers batting - Pitching for Quebec City Les Bleus : RHP Javier Mora
Batting: LHB Bartolo Sierra 0-0: Ball
1-0: Ball
2-0: Ball
3-0: Called Strike
3-1: Base on Balls
Batting: RHB Guillermo Coss 0-0: Called Strike
0-1: Ball
1-1: Ball
2-1: Foul Ball, location: 2F
2-2: SINGLE (Groundball, 4D)
Bartolo Sierra to second
Runner from 2nd tries for 3rd, SAFE, no throw
Batting: RHB Bernardo Herrera 0-0: Called Strike
0-1: Ball
1-1: Ball
2-1: SINGLE (Groundball, 6) (infield hit)
Bartolo Sierra scores
Guillermo Coss to second
Batting: LHB Tony Vega 0-0: Ball
1-0: Ball
2-0: Ball
3-0: Base on Balls
Guillermo Coss to third
Bernardo Herrera to second
Batting: RHB Yoshihito Samurakami 0-0: Ball
1-0: Ball
2-0: Grounds into fielders choice 3-2 (Groundball, 34S)
Bernardo Herrera to third
Tony Vega to second
Batting: RHB Orlando Montejo 0-0: Ball
1-0: Foul Ball, location: 2F
1-1: Foul Ball, location: 2F
1-2: Foul Ball, location: 2F
1-2: Foul Ball, location: 2F
1-2: SINGLE (Groundball, 56) (infield hit)
Bernardo Herrera scores
Tony Vega to third
Yoshihito Samurakami to second
Batting: RHB Freddy Torres 0-0: Grounds into fielders choice 4-2 (Groundball, 34)
Yoshihito Samurakami to third
Orlando Montejo to second
Batting: RHB Zhenya Worobtsoff 0-0: Ball
1-0: Fielders Choice at 2nd, 6-4 (Groundball, 6)
Top of the 16th over - 2 runs, 3 hits, 0 errors, 3 left on base; Echo Park 2 - Quebec City 0
BOTTOM OF THE 16TH
Quebec City Les Bleus batting - Pitching for Echo Park Lakers : RHP Júlio Saldaña
Batting: RHB Reg Spiers 0-0: Ground out 5-3 (Groundball, 56S)
Batting: RHB Stan Pagnotta 0-0: Ball
1-0: Ball
2-0: Ball
3-0: Called Strike
3-1: Base on Balls
Batting: RHB Lane McCool 0-0: Called Strike
0-1: Swinging Strike
0-2: SINGLE (Groundball, 56) (infield hit)
Stan Pagnotta to second
Batting: RHB Kumanosuke Asano 0-0: Ball
1-0: SINGLE (Groundball, 6MD)
Stan Pagnotta to third
Lane McCool to second
Batting: LHB Jeff Simpson 0-0: Ball
1-0: Foul Ball, location: 2F
1-1: Called Strike
1-2: Ball
2-2: Ball
3-2: Base on Balls
Stan Pagnotta scores
Lane McCool to third
Kumanosuke Asano to second
Pitching: RHP Ji Jing
Batting: LHB Scott Janousek 0-0: Called Strike
0-1: Ball
1-1: Grounds into double play, 3-2-3 (Groundball, 3)
Bottom of the 16th over - 1 run, 2 hits, 0 errors, 2 left on base; Echo Park 2 - Quebec City 1
Saturday, December 22nd, 2018 - OOTP Baseball 18.8 Build 76